 Dungeon Crawl Stone Soup version 0.20-a0-1124-g2e29d97 (webtiles) character file.

17738 Monsterracer the Spear-Bearer (level 12, -2/98 HPs)
             Began as a Merfolk Skald on May 14, 2017.
             Was a Priest of Ashenzari.
             Slain by Dominolapin's ghost (24 damage)
             ... on level 2 of the Lair of Beasts on May 15, 2017.
             The game lasted 00:55:29 (16625 turns).

Monsterracer the Spear-Bearer (Merfolk Skald)      Turns: 16625, Time: 00:55:30

Health: -2/98      AC: 13    Str: 12      XL:     12   Next: 51%
Magic:  10/18      EV: 19    Int: 20      God:    Ashenzari [***...]
Gold:   487        SH:  9    Dex: 12 (14) Spells: 2/19 levels left

rFire    . . .     SeeInvis +   A - +2 spear (venom) (curse)
rCold    . . .     Gourm    +   c - +0 buckler (curse)
rNeg     . . .     Faith    .   F - +0 troll leather armour (curse)
rPois    +         Spirit   .   (helmet restricted)
rElec    .         Reflect  .   (no cloak)
rCorr    .         Harm     .   t - +2 pair of gloves (curse)
MR       +....                  x - +2 pair of boots (curse)
Stlth    +.........             G - amulet of the gourmand (curse)
Regen    0.7/turn               a - +4 ring of intelligence (curse)
MPRegen  0.2/turn               y - ring of poison resistance (curse)

@: singing (expiring)
A: change form in water, swift swim, stealthy swim, antennae 1, iridescent
scales 1, large bone plates 1, magic resistance 1
a: Curse Item, Scrying, Renounce Religion


You were on level 2 of the Lair of Beasts.
You worshipped Ashenzari.
Ashenzari was most pleased with you.
You were full.

You visited 3 branches of the dungeon, and saw 13 of its levels.

You collected 669 gold pieces.
You spent 182 gold pieces at shops.

Inventory:

Hand Weapons
 A - a cursed +2 spear of venom (weapon)
Armour
 c - a cursed +0 buckler (worn)
 t - a cursed +2 pair of gloves (worn)
 x - a cursed +2 pair of boots (worn)
 F - a cursed +0 troll leather armour (worn)
Jewellery
 a - a cursed +4 ring of intelligence (left hand)
 y - a cursed ring of poison resistance (right hand)
 G - a cursed amulet of the gourmand (around neck)
 I - an uncursed ring of protection from magic
Wands
 b - a wand of confusion (29/48)
 w - a wand of lightning (8/15)
 C - a wand of lightning (12/15)
Scrolls
 e - 4 scrolls of amnesia
 j - 9 scrolls of teleportation
 l - a scroll of remove curse
 m - a scroll of magic mapping
 o - 7 scrolls of identify
 s - 2 scrolls of immolation
 B - 3 scrolls of fear
 D - a scroll of fog
 E - 2 scrolls of enchant weapon
Potions
 i - 2 potions of agility
 k - a potion of brilliance
 n - 2 potions of curing
 p - 5 potions of might
 q - 4 potions of heal wounds
 z - 3 potions of haste
 H - 2 potions of flight
Comestibles
 d - 10 bread rations
 g - 9 meat rations
 h - a fruit
 v - 3 royal jellies


   Skills:
 * Level 10.4 Fighting
 - Level 14.1(16.6) Polearms
 - Level 4.0 Armour
 + Level 11.6(13.2) Dodging
 - Level 2.8(4.4) Shields
 - Level 4.1 Spellcasting
 - Level 10.3(13.0) Charms
 + Level 3.0(5.5) Summonings
 + Level 0.2(1.0) Ice Magic


You had 2 spell levels left.
You knew the following spells:

 Your Spells              Type           Power        Failure   Level  Hunger
a - Infusion              Chrm           ####         1%          1    None
b - Song of Slaying       Chrm           ######..     1%          2    #......
c - Spectral Weapon       Hex/Chrm       ####....     3%          3    ###....
d - Shroud of Golubria    Chrm/Tloc      ####......   1%          2    #......
e - Regeneration          Chrm/Necr      ####......   3%          3    ###....
f - Call Imp              Summ           ####....     2%          2    #......
g - Summon Ice Beast      Ice/Summ       ###.....     38%         4    ####...


Dungeon Overview and Level Annotations

Branches:
Dungeon (10/15)            Temple (1/1) D:6            Lair (2/6) D:10
  Swamp: Lair:2-4    Shoals: Lair:2-4     Snake: Lair:2-4    Spider: Lair:2-4
    Orc: D:9-12

Altars:
Ashenzari
Cheibriados
Dithmenos
Elyvilon
Fedhas
Gozag
Hepliaklqana
Kikubaaqudgha
Makhleb
Nemelex Xobeh
Okawaru
Qazlal
Ru
Sif Muna
Trog
Uskayaw
Vehumet
Wu Jian
Xom
Yredelemnul
Zin
The Shining One

Shops:
D:5 !

Annotations:
Lair:2 Dominolapin's ghost, adept GrEE; Erica


Innate Abilities, Weirdness & Mutations

You revert to your normal form in water.
You are very nimble and swift while swimming.
You are very stealthy in the water. (Stealth+)
You have a pair of small antennae on your head.
You are partially covered in iridescent scales. (AC +2)
You are partially covered in large bone plates. (SH +4)
You are resistant to hostile enchantments. (MR+)


Message History

You hit Dominolapin's ghost but do no damage.
Dominolapin's ghost is lightly damaged.
Your spectral weapon hits Dominolapin's ghost but does no damage.
Your crimson imp hits Dominolapin's ghost but does no damage.
You closely miss Dominolapin's ghost.
Dominolapin's ghost is lightly damaged.
Your spectral weapon hits Dominolapin's ghost but does no damage.
You block Dominolapin's ghost's attack.
You hit Dominolapin's ghost but do no damage.
Dominolapin's ghost is lightly damaged.
Your spectral weapon hits Dominolapin's ghost.
Your crimson imp closely misses Dominolapin's ghost.
You hit Dominolapin's ghost but do no damage.
Dominolapin's ghost is lightly damaged.
Your spectral weapon hits Dominolapin's ghost but does no damage.
Dominolapin's ghost hits you!!
* * * LOW HITPOINT WARNING * * *
x2 Your crimson imp hits Dominolapin's ghost but does no damage.
Dominolapin's ghost hits you!!
You die...

#............#..≈≈≈≈≈
##..............≈≈≈≈≈
###...........##..≈.≈≈.
#P>..........##
#.....#, #......)..)..#
*,....## .#.....#....#
*.#P## ##..5###...# *
## #...##....##
##...@W.....#
###....(5.....#
#............>##
##.............#
##............##
#..............#
##.............##
#.###.........##
####.#......##.#


You could see Dominolapin's ghost, a friendly spectral spear of venom and 2
friendly crimson imps.

Vanquished Creatures
  A hydra (Lair:2)
  3 two-headed ogres
  Pikel (D:8)
  A black mamba (Lair:1)
  An elephant (D:10)
  4 spiny frogs
  4 komodo dragons
  2 trolls (D:10)
  4 blink frogs (Lair:1)
  7 hippogriffs
  2 wyverns
  2 basilisks
  18 yaks
  2 wraiths
  A hungry ghost (D:8)
  3 water moccasins
  Edmund (D:6)
  A porcupine (Lair:1)
  3 orc warriors
  2 slaves (D:8)
  An ice beast (D:6)
  An eye of draining (D:10)
  3 black bears
  3 sky beasts
  3 phantoms
  3 wolves (Lair:1)
  5 centaurs
  4 ogres
  2 crocodiles
  A big kobold (D:10)
  A gnoll sergeant (D:7)
  8 bullfrogs
  5 scorpions
  6 wights
  5 killer bees (D:9)
  A howler monkey (D:5)
  A crimson imp (D:6)
  4 hounds
  2 jellies
  2 centaur skeletons
  4 orc priests (D:7)
  5 orc wizards
  A bullfrog skeleton (D:10)
  5 iguanas
  4 worker ants
  2 hound zombies
  A hound skeleton (D:9)
  A mummy (D:7)
  A howler monkey zombie (D:10)
  3 worker ant zombies
  6 gnolls (D:7)
  6 adders
  A shadow imp (D:8)
  An ooze (D:5)
  2 adder skeletons (D:4)
  2 worms (D:2)
  2 dart slugs
  5 leopard geckos
  33 orcs
  8 giant cockroaches
  7 goblins
  4 hobgoblins
  2 jackals (D:8)
  16 kobolds
  6 quokkas
  3 ball pythons
  4 bats
  10 frilled lizards
  A leopard gecko skeleton (D:4)
  7 rats
277 creatures vanquished.

Vanquished Creatures (collateral kills)
  A hydra (Lair:1)
1 creature vanquished.

Vanquished Creatures (others)
  2 slaves (D:8)
  A fungus (Lair:2)
  8 spectral weapons
  9 toadstools (Lair:2)
20 creatures vanquished.

Grand Total: 298 creatures vanquished

Notes
Turn   | Place    | Note
-------+----------+-------------------------------------------
     0 | D:1      | Monsterracer the Merfolk Skald began the quest for the Orb.
     0 | D:1      | Reached XP level 1. HP: 16/16 MP: 3/3
   436 | D:1      | Reached XP level 2. HP: 9/23 MP: 5/5
   807 | D:1      | Learned a level 2 spell: Song of Slaying
   810 | D:1      | Learned a level 2 spell: Shroud of Golubria
   836 | D:1      | Found a snail-covered altar of Cheibriados.
  1106 | D:1      | Reached skill level 4 in Polearms
  1399 | D:2      | Reached XP level 3. HP: 27/28 MP: 2/6
  2205 | D:2      | Reached skill level 1 in Armour
  2353 | D:2      | HP: 1/28 [worm (4)]
  2925 | D:3      | Reached XP level 4. HP: 27/34 MP: 4/7
  3360 | D:3      | Reached skill level 5 in Polearms
  3371 | D:3      | Found a snail-covered altar of Cheibriados.
  3817 | D:3      | Found a sacrificial altar of Ru.
  3886 | D:4      | Learned a level 3 spell: Spectral Weapon
  4013 | D:4      | Reached XP level 5. HP: 33/40 MP: 3/8
  4064 | D:4      | Learned a level 2 spell: Shroud of Golubria
  4384 | D:4      | Reached skill level 6 in Polearms
  4421 | D:5      | Entered Level 5 of the Dungeon
  4716 | D:5      | Gained mutation: You are partially covered in large bone plates. (SH +4) [potion of mutation]
  4716 | D:5      | Gained mutation: You are partially covered in iridescent scales. (AC +2) [potion of mutation]
  4716 | D:5      | Gained mutation: You have a pair of small antennae on your head. [potion of mutation]
  4716 | D:5      | Gained mutation: You are resistant to hostile enchantments. (MR+) [potion of mutation]
  4748 | D:5      | Reached XP level 6. HP: 36/47 MP: 1/9
  4868 | D:5      | HP: 1/47 [centaur (2)]
  4875 | D:5      | Found Iduunet's Distillery.
  4875 | D:5      | Noticed a phantom
  4890 | D:5      | Killed a phantom
  4968 | D:5      | Bought a potion of might for 52 gold pieces
  4968 | D:5      | Bought 2 potions of heal wounds for 130 gold pieces
  5109 | D:5      | Reached skill level 7 in Polearms
  5116 | D:5      | Reached XP level 7. HP: 30/53 MP: 0/10
  5841 | D:6      | Found a staircase to the Ecumenical Temple.
  5866 | Temple   | Entered the Ecumenical Temple
  5886 | Temple   | Became a worshipper of Ashenzari the Shackled
  6267 | D:6      | Reached skill level 8 in Polearms
  6449 | D:6      | Reached skill level 5 in Dodging
  6596 | D:6      | Noticed Edmund
  6609 | D:6      | Killed Edmund
  6820 | D:6      | Reached skill level 5 in Charms
  6942 | D:6      | Reached XP level 8. HP: 61/61 MP: 11/11
  6947 | D:6      | Learned a level 3 spell: Regeneration
  7028 | D:5      | Reached skill level 9 in Polearms
  7255 | D:5      | Reached skill level 5 in Fighting
  7772 | D:7      | Reached skill level 10 in Polearms
  7888 | D:7      | Found a bloodstained altar of Trog.
  8129 | D:7      | Reached XP level 9. HP: 69/69 MP: 3/12
  8463 | D:7      | Reached skill level 11 in Polearms
  8671 | D:8      | Reached * piety under Ashenzari
  8729 | D:8      | Found a deep blue altar of Sif Muna.
  8884 | D:8      | Noticed Pikel
  8911 | D:8      | Killed Pikel
  9055 | D:8      | Reached skill level 12 in Polearms
  9144 | D:8      | Noticed a two-headed ogre
  9158 | D:8      | Killed a two-headed ogre
  9158 | D:8      | Reached XP level 10. HP: 57/79 MP: 4/13
  9856 | D:9      | Found a blossoming altar of Fedhas.
  9858 | D:9      | Found an ornate altar of the Wu Jian Council.
  9871 | D:9      | Found a basalt altar of Yredelemnul.
  9900 | D:9      | Found a glowing golden altar of the Shining One.
  9901 | D:9      | Found a sparkling altar of Nemelex Xobeh.
  9901 | D:9      | Found a glowing silver altar of Zin.
  9902 | D:9      | Found a burning altar of Makhleb.
 10146 | D:9      | Noticed a two-headed ogre
 10156 | D:9      | Killed a two-headed ogre
 10156 | D:9      | Reached skill level 13 in Polearms
 10611 | D:9      | Noticed a two-headed ogre
 10623 | D:9      | Killed a two-headed ogre
 10623 | D:9      | Reached skill level 14 in Polearms
 10623 | D:9      | Reached XP level 11. HP: 59/86 MP: 12/15
 10739 | D:9      | Learned a level 2 spell: Call Imp
 10913 | D:9      | Reached skill level 1 in Summonings
 11227 | D:10     | Entered Level 10 of the Dungeon
 11235 | D:10     | Identified the +9 whip "Jegemn" {flame, Str+6 Int+3 Dex-5}
 11520 | D:10     | Reached ** piety under Ashenzari
 11843 | D:10     | Reached skill level 1 in Shields
 11944 | D:10     | Found a staircase to the Lair.
 11985 | D:10     | Reached skill level 10 in Dodging
 13739 | Lair:1   | Entered Level 1 of the Lair of Beasts
 14191 | Lair:1   | Reached XP level 12. HP: 95/95 MP: 17/17
 14261 | Lair:1   | Noticed an eight-headed hydra
 14272 | Lair:1   | HP: 1/95 [eight-headed hydra (5)]
 14654 | D:10     | Learned a level 4 spell: Summon Ice Beast
 14670 | Lair:1   | Killed an eight-headed hydra
 15343 | Lair:1   | Reached skill level 10 in Charms
 15784 | Lair:2   | Reached skill level 10 in Fighting
 15810 | Lair:2   | Noticed a four-headed hydra
 16156 | Lair:2   | Killed a four-headed hydra
 16390 | Lair:2   | Noticed Dominolapin's ghost (adept GrEE)
 16397 | Lair:2   | HP: 4/98 [Dominolapin's ghost/iron shot (23)]
 16400 | Lair:2   | HP: 1/98 [Dominolapin's ghost (7)]
 16539 | Lair:1   | Upgraded the game from 0.20-a0-1122-gb7cbeb9 to 0.20-a0-1124-g2e29d97
 16540 | Lair:2   | Reached *** piety under Ashenzari
 16541 | Lair:2   | Noticed Erica
 16625 | Lair:2   | Slain by Dominolapin's ghost

Vault maps used:
D:1:      denvon_arrival_planthouse, cheibriados_altar_1
D:2:      serial_co_window_serial, co_window_paths_b, co_window_corner_a,
          co_window_corner_a, co_window_paths_b, co_window_corner_a,
          co_window_unsneaky_path_a, co_window_paths_c, co_window_corner_cb,
          co_window_4corner_a, co_window_paths_d, glass_columns_c
D:3:      nicolae_ru_path_of_blood, overflow_temple_1_default
D:4:      first_bread
D:5:      serial_shops, shop, minmay_liquid_box
D:6:      minmay_temple_entry_statues_fountains, uniq_edmund
D:7:      lemuel_doored_altar, serial_undead, serial_undead_e, serial_undead_d,
          serial_undead_c, serial_undead_b
D:8:      lemuel_blue_sif_altar, serial_aquarium, aquarium_bridge_long_separate,
          aquarium_window_corridor_2, aquarium_window_1, aquarium_window_2,
          aquarium_window_1, aquarium_view_2c, aquarium_balcony_1b,
          aquarium_pool_corner, uniq_pikel
D:9:      grunt_temple_overflow_open, grunt_ogre_cave
D:10:     david_lair_generic
Temple:   jpeg_temple_clearing
Lair:2:   gammafunk_lair_enchanted_lake, dummy_snake_entry,
          infiniplex_staircase_pool, lemuel_fruit_fields, uniq_erica

Skill      XL: |  1  2  3  4  5  6  7  8  9 10 11 12 |
---------------+-------------------------------------+-----
Dodging        | 3 4 5 6 8 9 11 | 11.6
Polearms       | 4 5 6 7 8 10 12 14 | 14.1
Armour         | 1 2 3 4 |  4.0
Fighting       | 3 4 5 7 8 9 10 | 10.4
Charms         | 4 5 6 7 8 9 10 | 10.3
Spellcasting   | 3 4 |  4.1
Summonings     | 2 3 |  3.0
Shields        | 2 |  2.8
Ice Magic      | |  0.2

Action                   |  1- 3 |  4- 6 |  7- 9 | 10-12 || total
-------------------------+-------+-------+-------+-------++-------
Melee: Spear             |   175 |   173 |   201 |   832 ||  1381
       Trident           |       |       |   120 |       ||   120
 Cast: Infusion          |     8 |     7 |    12 |     3 ||    30
       Song of Slaying   |     1 |     1 |     6 |    11 ||    19
       Spectral Weapon   |       |     5 |    13 |    28 ||    46
       Shroud of Golubri |       |     1 |     3 |    12 ||    16
       Call Imp          |       |       |       |     8 ||     8
       Regeneration      |       |       |       |     7 ||     7
Invok: Curse Item        |       |       |     4 |     4 ||     8
  Use: Potion            |     3 |     6 |       |     2 ||    11
       Scroll            |       |    12 |     5 |     6 ||    23
 Stab: Sleeping          |     2 |     2 |     1 |     1 ||     6
       Distracted        |       |       |     1 |     5 ||     6
  Eat: Chunk             |     5 |     9 |    15 |    39 ||    68
       Fruit             |       |       |     2 |       ||     2
Armor: Leather armour    |    18 |    25 |    51 |    90 ||   184
Dodge: Dodged            |    64 |    89 |   100 |   279 ||   532
Block: Other             |       |    10 |    22 |    11 ||    43
       Buckler           |       |       |       |   113 ||   113
